[Event "Titled Tuesday Blitz November 16 2021"]
[White "Omariev, Maksim"]
[Black "Ibrahimli, Murad"]
[WhiteFideId "4193423"]
[BlackFideId "13410229"]
[WhiteElo "2485"]
[BlackElo "2109"]
[Result "1-0"]
[Round "01"]
[TimeControl "180+1"]
[Date "2021.11.16"]
[WhiteClock "0:00:05"]
[BlackClock "0:00:10"]

1. g4 d5 2. Bg2 c6 3. h3 e5 4. c3 Be6 5. d4 e4 6. Bf4 Bd6 7. Qc1 h5 8. g5 Ne7 9. h4 Ng6 10. Bxd6 Qxd6 11. Qe3 Ne7 12. Nh3 Nf5 13. Qf4 Na6 14. Nd2 Nc7 15. Qxd6 Nxd6 16. Nf4 Ke7 17. f3 exf3 18. Bxf3 g6 19. e4 dxe4 20. Nxe4 Nxe4 21. Bxe4 Kd6 22. O-O Rae8 23. Bd3 Bg4 24. Ng2 Rhf8 25. Rf6+ Re6 26. Raf1 Rxf6 27. Rxf6+ Ke7 28. Ne3 Be6 29. c4 Rd8 30. Rf4 b5 31. b3 bxc4 32. bxc4 Rb8 33. Be4 Kd6 34. Rf6 Ne8 35. Rf2 Rb4 36. Bxc6 Kxc6 37. d5+ Kd6 38. dxe6 fxe6 39. Rf8 Ke7 40. Rf4 Rb1+ 41. Kg2 Rb2+ 42. Rf2 Rb4 43. Kf3 Nd6 44. Rc2 Kd7 45. Kf4 Nf7 46. Ke4 Kd6 47. Kd4 Rb1 48. Rf2 Ne5 49. Rf8 Nc6+ 50. Ke4 Ke7 51. Rf6 Rd1 52. Rxg6 Rd4+ 53. Kf3 Rxh4 54. Rh6 Ne5+ 55. Kg3 Re4 56. Kf2 Rxe3 57. Kxe3 Ng4+ 58. Kf4 Nxh6 59. gxh6 Kf6 60. c5 e5+ 61. Kg3 e4 62. c6 Ke6 63. h7 Kd6 64. h8=Q Kxc6 65. Qd4 1-0


[Site "https://www.chess.com"]

[Event "Titled Tuesday Blitz November 16 2021"]
[White "Paravyan, David"]
[Black "Krush, Irina"]
[WhiteFideId "4194985"]
[BlackFideId "2012782"]
[WhiteElo "2639"]
[BlackElo "2342"]
[Result "1-0"]
[Round "01"]
[TimeControl "180+1"]
[Date "2021.11.16"]
[WhiteClock "0:01:28"]
[BlackClock "0:00:21"]

1. e4 c5 2. Nf3 d6 3. d4 cxd4 4. Nxd4 Nf6 5. Nc3 Nc6 6. Bg5 e6 7. Qd2 a6 8. O-O-O Bd7 9. Nxc6 Bxc6 10. Bd3 Be7 11. Kb1 O-O 12. h4 b5 13. f3 b4 14. Ne2 d5 15. e5 Nd7 16. Nd4 Bb7 17. f4 a5 18. Qe2 Re8 19. Qh5 Nf8 20. f5 exf5 21. Nxf5 Bxg5 22. hxg5 g6 23. Nh6+ Kg7 24. Qf3 1-0


[Site "https://www.chess.com"]

[Event "Titled Tuesday Blitz November 16 2021"]
[White "Perez Leiva, Jerzy Jesus"]
[Black "Nakamura, Hikaru"]
[WhiteFideId "3524337"]
[BlackFideId "2016192"]
[WhiteElo "2295"]
[BlackElo "2884"]
[Result "0-1"]
[Round "01"]
[TimeControl "180+1"]
[Date "2021.11.16"]
[WhiteClock "0:00:03"]
[BlackClock "0:00:23"]

1. e4 c5 2. Nf3 d6 3. d4 cxd4 4. Nxd4 Nf6 5. Nc3 a6 6. Bg5 e5 7. Nf5 h6 8. Bxf6 Qxf6 9. Nd5 Qd8 10. Bc4 Be6 11. O-O Nd7 12. a4 Rc8 13. Ba2 Nc5 14. c3 Nxe4 15. Nfe3 g6 16. a5 Bg7 17. Nb6 Rc6 18. Bxe6 fxe6 19. Qg4 Nf6 20. Qxg6+ Kf8 21. f4 e4 22. f5 e5 23. Ned5 Rxb6 24. Nxb6 d5 25. Qg3 Qd6 26. Rad1 Rg8 27. Qh4 Kf7 28. Nxd5 Nxd5 29. f6 Qc5+ 30. Kh1 Nxf6 31. Rd7+ Ke8 32. Rxb7 e3 33. Qh3 e2 34. Re1 Qc6 35. Rb6 Qd5 36. Qc8+ Kf7 37. Rb7+ Kg6 38. Qc7 Qd1 39. Qf7+ Kh7 0-1


[Site "https://www.chess.com"]

[Event "Titled Tuesday Blitz November 16 2021"]
[White "Perez Ponsa, Federico"]
[Black "Martins, Igor Carvalho Ribeiro"]
[WhiteFideId "117927"]
[BlackFideId "2162962"]
[WhiteElo "2672"]
[BlackElo "2485"]
[Result "1-0"]
[Round "01"]
[TimeControl "180+1"]
[Date "2021.11.16"]
[WhiteClock "0:00:14"]
[BlackClock "0:00:15"]

1. e4 c5 2. Nf3 d6 3. d4 cxd4 4. Nxd4 Nf6 5. Nc3 a6 6. a3 Nc6 7. Be2 e6 8. Be3 Be7 9. g4 d5 10. exd5 Nxd5 11. Nxd5 exd5 12. Qd2 O-O 13. O-O-O Ne5 14. Nf5 Bxf5 15. gxf5 Nc4 16. Bxc4 dxc4 17. Qc3 Qc7 18. Rhg1 f6 19. Rg4 b5 20. h4 Qe5 21. Qxe5 fxe5 22. Rd7 Bf6 23. h5 Rf7 24. Rd6 Kh8 25. h6 Rg8 26. Rxa6 gxh6 27. Rxg8+ Kxg8 28. Bxh6 Bg7 29. Ra8+ Bf8 30. Rxf8+ Rxf8 31. Bxf8 Kxf8 32. b3 h5 33. Kd1 1-0


[Site "https://www.chess.com"]

[Event "Titled Tuesday Blitz November 16 2021"]
[White "Pires, Marcos Vinicius Torsani"]
[Black "Shubin, Kirill"]
[WhiteFideId "2118939"]
[BlackFideId "34119962"]
[WhiteElo "2273"]
[BlackElo "2501"]
[Result "1/2-1/2"]
[Round "01"]
[TimeControl "180+1"]
[Date "2021.11.16"]
[WhiteClock "0:00:31"]
[BlackClock "0:00:25"]

1. e4 e6 2. c4 c5 3. Nc3 Nc6 4. g3 g6 5. Bg2 Bg7 6. Nge2 Nge7 7. O-O O-O 8. d3 d6 9. Be3 e5 10. Qd2 f5 11. f4 fxe4 12. dxe4 Nd4 13. Rad1 Bg4 14. h3 Be6 15. b3 Nec6 16. Kh2 Qd7 17. Rf2 Rf7 18. Rdf1 Raf8 19. Nd5 Nxe2 20. Qxe2 Nd4 21. Qd2 b5 22. cxb5 Bxd5 23. exd5 Qxb5 24. fxe5 Bxe5 25. Rxf7 Rxf7 26. Rxf7 Kxf7 27. Qf2+ Kg8 28. Bxd4 cxd4 29. Be4 Qa5 30. Qe2 Kg7 31. h4 h5 32. Bd3 Qd8 33. Qe4 Qf6 34. Kg2 Qf7 35. b4 Kh6 36. a4 g5 37. hxg5+ Kxg5 38. Qh4+ Kh6 39. Qe4 Qg7 40. Qf3 Qf6 41. Qe4 Qg7 42. Qf3 Qf6 43. Qe4 Qg7 1/2-1/2


[Site "https://www.chess.com"]

[Event "Titled Tuesday Blitz November 16 2021"]
[White "Pranav, V"]
[Black "Czerw, Dawid"]
[WhiteFideId "25060783"]
[BlackFideId "1145746"]
[WhiteElo "2351"]
[BlackElo "2075"]
[Result "1-0"]
[Round "01"]
[TimeControl "180+1"]
[Date "2021.11.16"]
[WhiteClock "0:00:05"]
[BlackClock "0:00:11"]

1. e4 c5 2. Nf3 g6 3. d4 cxd4 4. Qxd4 Nf6 5. Bb5 a6 6. e5 axb5 7. exf6 Nc6 8. Qd3 e6 9. O-O b4 10. c4 Qxf6 11. Nbd2 Ne5 12. Nxe5 Qxe5 13. Nf3 Qd6 14. Qe2 Bg7 15. Rd1 Qc7 16. Bg5 h6 17. Bh4 d6 18. c5 Qxc5 19. Rac1 Qb6 20. b3 Bd7 21. Nd2 d5 22. Nf3 O-O 23. Ne5 Bb5 24. Qe1 Rxa2 25. Ng4 g5 26. Bg3 h5 27. Bc7 Qa7 28. Ne3 Bc3 29. Rxc3 bxc3 30. Qxc3 d4 31. Rxd4 Ra1+ 32. Nd1 Be2 33. Qe3 Bxd1 34. h4 Bg4+ 35. Kh2 Qc5 36. Bd6 Qf5 37. Bxf8 Kxf8 38. Rd8+ Kg7 39. Qd4+ e5 40. Qxa1 gxh4 41. Kg1 h3 42. gxh3 Bxh3 43. Qc3 Bg4 44. Re8 f6 45. Qc7+ Kh6 46. Rg8 1-0


[Site "https://www.chess.com"]

[Event "Titled Tuesday Blitz November 16 2021"]
[White "Sadhwani, Raunak"]
[Black "Van der Werf, Mark"]
[WhiteFideId "35093487"]
[BlackFideId "1000470"]
[WhiteElo "2517"]
[BlackElo "2398"]
[Result "1-0"]
[Round "01"]
[TimeControl "180+1"]
[Date "2021.11.16"]
[WhiteClock "0:01:15"]
[BlackClock "0:00:29"]

1. c4 e5 2. d3 c6 3. Nf3 d6 4. Nc3 Nf6 5. g3 Be7 6. Bg2 O-O 7. O-O Nbd7 8. e4 a6 9. a4 a5 10. d4 exd4 11. Nxd4 Nc5 12. b3 Re8 13. Qc2 Bf8 14. Ba3 g6 15. Rad1 Qb6 16. h3 Bg7 17. Kh2 h5 18. Bb2 Nfd7 19. Nce2 h4 20. g4 Nf8 21. f4 Qc7 22. Kh1 Qb6 23. Bc3 Nfe6 24. f5 Nxd4 25. Nxd4 Bxd4 26. Bxd4 Qxb3 27. Qf2 Nxe4 28. Qxh4 Ng3+ 29. Kh2 Nxf1+ 30. Rxf1 Qxc4 31. Qh8# 1-0


[Site "https://www.chess.com"]

[Event "Titled Tuesday Blitz November 16 2021"]
[White "Sasikiran, Krishnan"]
[Black "Haitin, Ilja"]
[WhiteFideId "5004985"]
[BlackFideId "4501764"]
[WhiteElo "2552"]
[BlackElo "2206"]
[Result "1/2-1/2"]
[Round "01"]
[TimeControl "180+1"]
[Date "2021.11.16"]
[WhiteClock "0:01:01"]
[BlackClock "0:00:04"]

1. e4 c5 2. Nf3 Nc6 3. Bb5 a6 4. Bxc6 dxc6 5. d3 Qc7 6. O-O e5 7. Nfd2 Ne7 8. a4 a5 9. Nc4 Ng6 10. Nba3 Be7 11. f4 exf4 12. Qf3 O-O 13. Bxf4 Nxf4 14. Qxf4 Qxf4 15. Rxf4 Be6 16. Raf1 Bf6 17. Rxf6 gxf6 18. Ne3 b5 19. axb5 cxb5 20. Nxb5 Rab8 21. c4 Bd7 22. Rxf6 Bxb5 23. cxb5 Rxb5 24. Nc4 Rd8 25. Rf3 a4 26. Kf1 Rxb2 27. Nxb2 a3 28. Rf6 Ra8 29. Ke2 a2 30. Rf1 a1=Q 31. Rxa1 Rxa1 32. Nc4 Kg7 33. Ne3 Kf6 34. g3 Ke5 35. h4 Ra2+ 36. Kf3 Kd4 37. Nc4 Kxd3 38. Ne5+ Kd4 39. Nxf7 c4 40. Nd6 c3 41. Nb5+ Kc4 42. Nxc3 Kxc3 43. Ke3 Ra5 44. g4 Kc4 45. Kf4 Kd4 46. g5 Ra1 47. Kf5 Rf1+ 48. Ke6 Kxe4 49. h5 Kf4 50. g6 hxg6 51. hxg6 Rg1 52. Kf7 Kf5 53. g7 Rxg7+ 54. Kxg7 1/2-1/2


[Site "https://www.chess.com"]

[Event "Titled Tuesday Blitz November 16 2021"]
[White "Seemann, Jakub"]
[Black "Sarana, Alexey"]
[WhiteFideId "21874697"]
[BlackFideId "24133795"]
[WhiteElo "1915"]
[BlackElo "2689"]
[Result "0-1"]
[Round "01"]
[TimeControl "180+1"]
[Date "2021.11.16"]
[WhiteClock "0:00:01"]
[BlackClock "0:00:21"]

1. d4 Nf6 2. c4 e6 3. Nf3 d5 4. g3 a6 5. Bg2 dxc4 6. O-O b5 7. Ne5 Ra7 8. a4 Bb7 9. axb5 Bxg2 10. Kxg2 Qd5+ 11. Kg1 Qxb5 12. Nc3 Qb3 13. Ra4 Nbd7 14. Nxc4 Qb8 15. Bf4 Bd6 16. Nxd6+ cxd6 17. Qd3 O-O 18. Rxa6 Rxa6 19. Qxa6 Qxb2 20. Qd3 Rc8 21. Nb5 d5 22. Rb1 Qa2 23. Nd6 Ra8 24. Rb7 h6 25. Qb5 Rd8 26. Kg2 Qa1 27. Be5 Qe1 28. Nxf7 Rf8 29. Rxd7 Nxd7 30. Qxd7 Rxf7 31. Qe8+ Rf8 32. Qxe6+ Kh7 33. Qd7 Qxf2+ 34. Kh3 Qf1+ 35. Kh4 Rf7 36. Qxd5 g5+ 37. Kg4 Qf5+ 0-1


[Site "https://www.chess.com"]

[Event "Titled Tuesday Blitz November 16 2021"]
[White "Stankovic, Ivan G"]
[Black "Willow, Jonah B"]
[WhiteFideId "902837"]
[BlackFideId "438804"]
[WhiteElo "2195"]
[BlackElo "2261"]
[Result "0-1"]
[Round "01"]
[TimeControl "180+1"]
[Date "2021.11.16"]
[WhiteClock "0:00:08"]
[BlackClock "0:01:02"]

1. e4 c5 2. c4 Nc6 3. Nc3 g6 4. g3 Bg7 5. Bg2 e6 6. Nge2 Nge7 7. d3 d6 8. Be3 Nd4 9. Rb1 O-O 10. a3 a5 11. O-O Nec6 12. Nb5 Nxb5 13. cxb5 Nd4 14. Nxd4 cxd4 15. Bd2 a4 16. b3 axb3 17. Qxb3 e5 18. a4 Be6 19. Qa3 Qd7 20. a5 Rfc8 21. Rfc1 Rd8 22. b6 Rdc8 23. Rxc8+ Qxc8 24. Rc1 Qd8 25. Rc7 Rb8 26. Bb4 Bf8 27. f4 exf4 28. gxf4 Qh4 29. Qc1 Qg4 30. Be1 Bh6 31. Bd2 Qe2 32. Bf1 Qf3 33. Qe1 Bxf4 34. Bxf4 Qxf4 35. Qg3 Qh6 36. Qf2 Qg7 37. Qf4 Qe5 0-1


[Site "https://www.chess.com"]

[Event "Titled Tuesday Blitz November 16 2021"]
[White "Svane, Frederik"]
[Black "Tarasenka, Aliaksandra"]
[WhiteFideId "12923044"]
[BlackFideId "13514288"]
[WhiteElo "2459"]
[BlackElo "1796"]
[Result "1-0"]
[Round "01"]
[TimeControl "180+1"]
[Date "2021.11.16"]
[WhiteClock "0:00:50"]
[BlackClock "0:00:01"]

1. e4 c5 2. Nc3 Nc6 3. Nf3 e6 4. d4 cxd4 5. Nxd4 Nf6 6. Qd3 Bb4 7. a3 Bc5 8. Be3 Qb6 9. O-O-O Nxd4 10. Bxd4 Bxd4 11. Qxd4 Qxd4 12. Rxd4 Ke7 13. e5 Ne8 14. Be2 d6 15. exd6+ Nxd6 16. Rhd1 Nf5 17. Rc4 Rd8 18. Rc7+ Rd7 19. Rdxd7+ Bxd7 20. Bb5 Rd8 21. Rxb7 Nd4 22. Ba4 Kd6 23. Rxa7 Bxa4 24. Rxa4 Ke5 25. Ra7 Kf6 26. a4 Kg6 27. b4 Rc8 28. Kb2 Rc4 29. Rb7 Nc6 30. Kb3 Rf4 31. f3 Nd4+ 32. Kb2 e5 33. a5 Ne6 34. a6 1-0


[Site "https://www.chess.com"]

[Event "Titled Tuesday Blitz November 16 2021"]
[White "Tahbaz, Arash"]
[Black "Grigorian, Spartak"]
[WhiteFideId "12528846"]
[BlackFideId "24661490"]
[WhiteElo "2377"]
[BlackElo "2413"]
[Result "1-0"]
[Round "01"]
[TimeControl "180+1"]
[Date "2021.11.16"]
[WhiteClock "0:00:32"]
[BlackClock "0:00:01"]

1. d4 Nf6 2. Nf3 d5 3. c4 e6 4. g3 Bb4+ 5. Nbd2 dxc4 6. Qc2 a5 7. Bg2 b5 8. a4 c6 9. Ne5 Nd5 10. O-O O-O 11. Ne4 f6 12. Nf3 Nd7 13. Nc3 Ba6 14. e4 N5b6 15. axb5 cxb5 16. e5 f5 17. Ng5 Qe7 18. Bxa8 Rxa8 19. d5 exd5 20. Qxf5 g6 21. Qh3 Nxe5 22. Re1 Bc8 23. Qh6 Ng4 24. Rxe7 Nxh6 25. Rxh7 Nf5 26. Nxb5 d4 27. Bf4 d3 28. Nc3 Bd7 29. Nce4 Rf8 30. Be5 Bc6 31. Rh8# 1-0


[Site "https://www.chess.com"]

[Event "Titled Tuesday Blitz November 16 2021"]
[White "Triapishko, Alexandr"]
[Black "Jovic, Stanoje"]
[WhiteFideId "14122286"]
[BlackFideId "905020"]
[WhiteElo "2479"]
[BlackElo "2286"]
[Result "1-0"]
[Round "01"]
[TimeControl "180+1"]
[Date "2021.11.16"]
[WhiteClock "0:00:42"]
[BlackClock "0:00:41"]

1. e4 c6 2. Nc3 d5 3. Qe2 d4 4. Nd1 e5 5. g3 Nf6 6. d3 Bb4+ 7. Bd2 Bxd2+ 8. Qxd2 O-O 9. Bg2 c5 10. f4 Nc6 11. Nf3 Bg4 12. O-O Bxf3 13. Bxf3 Qc7 14. Nf2 b5 15. a4 a6 16. b3 c4 17. dxc4 bxc4 18. bxc4 Rab8 19. Nd3 Rfe8 20. Rfe1 a5 21. c5 h6 22. Rab1 Rxb1 23. Rxb1 Nb4 24. Nxb4 axb4 25. Qxb4 exf4 26. Qb6 Qe5 27. Qd6 fxg3 28. Qxe5 Rxe5 29. c6 gxh2+ 30. Kxh2 Rc5 31. Rb8+ Kh7 32. e5 Ng8 33. Be4+ g6 34. Rb7 Rxe5 35. Rxf7+ Kh8 36. c7 Rc5 37. Bb7 Rxc2+ 38. Kg3 d3 39. c8=Q Rxc8 40. Bxc8 d2 41. Bg4 h5 42. Bd1 Nh6 43. Rd7 1-0


[Site "https://www.chess.com"]

[Event "Titled Tuesday Blitz November 16 2021"]
[White "Tsydypov, Zhamsaran"]
[Black "Brunner, Nicolas"]
[WhiteFideId "4108566"]
[BlackFideId "620246"]
[WhiteElo "2614"]
[BlackElo "2372"]
[Result "1-0"]
[Round "01"]
[TimeControl "180+1"]
[Date "2021.11.16"]
[WhiteClock "0:01:32"]
[BlackClock "0:00:12"]

1. c4 c5 2. Nf3 Nf6 3. Nc3 e6 4. d4 cxd4 5. Nxd4 Nc6 6. a3 Bc5 7. Nb3 Bb6 8. e4 O-O 9. Be2 d5 10. cxd5 exd5 11. exd5 Ne7 12. d6 Nf5 13. Bf4 a5 14. O-O a4 15. Nc1 Bd7 16. Bf3 Ra7 17. Nd3 Nd4 18. Ne5 Bf5 19. Nc4 Bc5 20. Be3 Bc2 21. Qxc2 Nxc2 22. Bxc5 Nxa1 23. Bxa7 Nb3 24. Bb6 Qd7 25. Bc7 Nc5 26. Nb6 Qf5 27. Nbxa4 Nxa4 28. Nxa4 b5 29. Nb6 Nd7 30. Nxd7 Qxd7 31. Rc1 Re8 32. h3 Qe6 33. Bc6 Rf8 34. d7 Qe7 35. Rd1 Rd8 36. Bxd8 Qxd8 37. Re1 1-0


[Site "https://www.chess.com"]

[Event "Titled Tuesday Blitz November 16 2021"]
[White "Yakimova, Mariya"]
[Black "Svidler, Peter"]
[WhiteFideId "34188859"]
[BlackFideId "4102142"]
[WhiteElo "2070"]
[BlackElo "2709"]
[Result "0-1"]
[Round "01"]
[TimeControl "180+1"]
[Date "2021.11.16"]
[WhiteClock "0:00:08"]
[BlackClock "0:01:33"]

1. d4 Nf6 2. c4 g6 3. Nc3 d5 4. Bf4 Bg7 5. e3 O-O 6. Rc1 Be6 7. cxd5 Nxd5 8. Nxd5 Bxd5 9. a3 c6 10. Nf3 Qb6 11. Qd2 Nd7 12. Be2 Rfd8 13. O-O e5 14. Bg5 f6 15. Bh4 e4 16. Ne1 g5 17. Bg3 f5 18. h4 h6 19. hxg5 hxg5 20. f4 g4 21. Kf2 c5 22. Nc2 Rac8 23. Rfd1 Bb3 24. Bh4 Bf6 25. Bxf6 Nxf6 26. Rh1 Bxc2 27. Rxc2 cxd4 28. Rxc8 dxe3+ 29. Qxe3 g3+ 30. Ke1 Qxe3 31. Rxd8+ Kg7 32. Rb8 Qc1+ 33. Bd1 Qxb2 34. Rh3 Qf2# 0-1


[Site "https://www.chess.com"]

[Event "Titled Tuesday Blitz November 16 2021"]
[White "Zhigalko, Sergei"]
[Black "Rozhkov, Viacheslav"]
[WhiteFideId "13502956"]
[BlackFideId "4181484"]
[WhiteElo "2662"]
[BlackElo "2324"]
[Result "1-0"]
[Round "01"]
[TimeControl "180+1"]
[Date "2021.11.16"]
[WhiteClock "0:00:30"]
[BlackClock "0:00:08"]

1. e4 c5 2. Nf3 d6 3. d4 cxd4 4. Qxd4 a6 5. Bc4 Nc6 6. Qd3 Nf6 7. Nc3 g6 8. Bg5 Bg7 9. Bb3 O-O 10. O-O-O Be6 11. Kb1 Qa5 12. Bd2 Bxb3 13. cxb3 Qc5 14. Be3 Qa5 15. Bd2 Qc5 16. Rhf1 Rfc8 17. Rc1 Ne5 18. Nxe5 Qxe5 19. f4 Qe6 20. h3 b5 21. f5 Qe5 22. Bf4 Rxc3 23. Rxc3 Qxe4 24. Qxe4 Nxe4 25. Rc7 gxf5 26. Rxe7 d5 27. Rd7 d4 28. Rd5 Rc8 29. Rc1 Re8 30. Rxf5 d3 31. Rd5 d2 32. Rd1 f5 33. Bxd2 1-0


[Site "https://www.chess.com"]

[Event "Titled Tuesday Blitz November 16 2021"]
[White "Zhukov, Maksim"]
[Black "Sjugirov, Sanan"]
[WhiteFideId "34181790"]
[BlackFideId "4189302"]
[WhiteElo "1978"]
[BlackElo "2653"]
[Result "0-1"]
[Round "01"]
[TimeControl "180+1"]
[Date "2021.11.16"]
[WhiteClock "0:00:07"]
[BlackClock "0:00:15"]

1. b3 d5 2. Bb2 Nf6 3. e3 Bf5 4. f4 e6 5. Nf3 h6 6. Be2 Nbd7 7. O-O Bd6 8. d3 c6 9. Ne5 Qc7 10. Nxd7 Qxd7 11. Nd2 Bc5 12. Rf3 h5 13. Bxf6 gxf6 14. d4 Bb4 15. c4 h4 16. a3 Be7 17. b4 a5 18. c5 Qc7 19. Nb3 axb4 20. axb4 Rxa1 21. Qxa1 Kf8 22. Rf1 Kg7 23. Qa7 Rb8 24. b5 cxb5 25. Bxb5 Qc8 26. Na5 Bd8 27. c6 bxc6 28. Nxc6 Rxb5 0-1


[Site "https://www.chess.com"]

[Event "Titled Tuesday Blitz November 16 2021"]
[White "Zubov, Alexander"]
[Black "Karas, Marek"]
[WhiteFideId "14109409"]
[BlackFideId "14928558"]
[WhiteElo "2685"]
[BlackElo "2261"]
[Result "1-0"]
[Round "01"]
[TimeControl "180+1"]
[Date "2021.11.16"]
[WhiteClock "0:00:08"]
[BlackClock "0:00:02"]

1. d4 Nf6 2. c4 e6 3. Nc3 d5 4. cxd5 Nxd5 5. Nf3 c5 6. e3 Nc6 7. Bc4 cxd4 8. exd4 Be7 9. O-O O-O 10. Re1 Nf6 11. a3 b6 12. Qd3 Bb7 13. Ba2 Re8 14. Bg5 Nd5 15. h4 Nxc3 16. bxc3 h6 17. Bb1 Bxg5 18. Qh7+ Kf8 19. hxg5 hxg5 20. Qh8+ Ke7 21. Qxg7 Rg8 22. Qh6 g4 23. Ng5 Qf8 24. Qh4 Kd7 25. d5 Nd8 26. Nh7 Qg7 27. Nf6+ Kc7 28. Qg3+ Kc8 29. Nxg8 Qxg8 30. dxe6 fxe6 31. Be4 Bc6 32. Rad1 Bd5 33. c4 Bb7 34. Qd6 Qe8 35. Bf5 Bc6 36. Bxe6+ Kb7 37. Bc8+ Rxc8 38. Rxe8 Bxe8 39. Qe7+ 1-0


[Site "https://www.chess.com"]

[Event "Titled Tuesday Blitz November 16 2021"]
[White "Afanasiev, Nikita"]
[Black "Adewumi, Tanitoluwa"]
[WhiteFideId "24183555"]
[BlackFideId "30966396"]
[WhiteElo "2577"]
[BlackElo "2552"]
[Result "1-0"]
[Round "02"]
[TimeControl "180+1"]
[Date "2021.11.16"]
[WhiteClock "0:01:37"]
[BlackClock "0:01:21"]

1. e4 c5 2. Nf3 Nc6 3. d4 cxd4 4. Nxd4 g6 5. c4 Bg7 6. Be3 Nf6 7. Nc3 O-O 8. Be2 d6 9. O-O Bd7 10. Rc1 a6 11. Qd2 Rb8 12. f3 Nxd4 13. Bxd4 b5 14. b3 Qa5 15. Rfd1 Kh8 16. Kh1 Rfc8 17. e5 dxe5 18. Bxe5 Rb7 19. cxb5 axb5 20. Nxb5 Rxb5 21. Rxc8+ Bxc8 22. Bxb5 Qxb5 23. Qd8+ Ne8 24. Bxg7+ Kxg7 25. Qxc8 Qe2 26. Qc3+ Nf6 27. Qd2 Qa6 28. a4 e5 29. Re1 1-0


[Site "https://www.chess.com"]

[Event "Titled Tuesday Blitz November 16 2021"]
[White "Ahn, Hongjin"]
[Black "Durarbayli, Vasif"]
[WhiteFideId "13201492"]
[BlackFideId "13402935"]
[WhiteElo "1873"]
[BlackElo "2522"]
[Result "0-1"]
[Round "02"]
[TimeControl "180+1"]
[Date "2021.11.16"]
[WhiteClock "0:00:08"]
[BlackClock "0:00:44"]

1. c4 Nf6 2. Nf3 e6 3. g3 b6 4. Bg2 Bb7 5. O-O c5 6. Nc3 Be7 7. d4 cxd4 8. Qxd4 d6 9. Rd1 a6 10. b3 Nbd7 11. e4 Qc7 12. Qe3 Rc8 13. Bb2 Qb8 14. Rd2 O-O 15. Rad1 Rfe8 16. Na4 Nxe4 17. Rd4 b5 18. cxb5 axb5 19. Nc3 Nxc3 20. Bxc3 Nf6 21. Bb2 Qa8 22. R4d2 e5 23. Nh4 Bxg2 24. Nxg2 Bf8 25. a3 Ne4 26. Rd5 Nc5 27. Nh4 g6 28. Rxd6 Bxd6 29. Rxd6 Ne4 30. Rd1 Rc2 31. Ba1 Nxf2 32. Nf3 Nh3+ 33. Kh1 Nf2+ 34. Kg1 Nxd1 35. Qd3 Rf2 36. Qxd1 0-1


[Site "https://www.chess.com"]

[Event "Titled Tuesday Blitz November 16 2021"]
[White "Aldokhin, Ivan"]
[Black "Perez Ponsa, Federico"]
[WhiteFideId "24115720"]
[BlackFideId "117927"]
[WhiteElo "2231"]
[BlackElo "2672"]
[Result "0-1"]
[Round "02"]
[TimeControl "180+1"]
[Date "2021.11.16"]
[WhiteClock "0:00:01"]
[BlackClock "0:00:22"]

1. e4 c5 2. Nf3 d6 3. d4 cxd4 4. Nxd4 Nf6 5. Nc3 a6 6. h3 e6 7. g4 h6 8. Bg2 Be7 9. O-O Qc7 10. f4 Nc6 11. Nde2 Rb8 12. Ng3 b5 13. g5 hxg5 14. fxg5 Nd7 15. Nf5 Bf8 16. Bf4 Nde5 17. Ne3 b4 18. Ne2 Ng6 19. Bg3 Nce5 20. Nf4 Nh4 21. Bh1 Bb7 22. Qe2 Be7 23. Nh5 Bxg5 24. Nxg7+ Ke7 25. Kh2 Rbg8 26. Bxh4 Bxh4 27. Ngf5+ exf5 28. Nxf5+ Kf8 29. Rad1 Be7 30. Rf4 Bg5 31. Rf2 d5 32. h4 Bxh4 33. Rf4 Bg5+ 0-1


[Site "https://www.chess.com"]

[Event "Titled Tuesday Blitz November 16 2021"]
[White "Andreikin, Dmitry"]
[Black "Stoleriu, George"]
[WhiteFideId "4158814"]
[BlackFideId "1227505"]
[WhiteElo "2736"]
[BlackElo "2199"]
[Result "1-0"]
[Round "02"]
[TimeControl "180+1"]
[Date "2021.11.16"]
[WhiteClock "0:00:30"]
[BlackClock "0:00:49"]

1. d4 e6 2. Nf3 Nf6 3. c4 Bb4+ 4. Bd2 Qe7 5. Qc2 Bxd2+ 6. Nfxd2 d6 7. Nc3 O-O 8. e4 e5 9. d5 a5 10. Be2 Na6 11. O-O Nc5 12. b3 c6 13. a3 cxd5 14. exd5 Bg4 15. Bxg4 Nxg4 16. h3 Nh6 17. b4 axb4 18. axb4 Na6 19. Qb3 f5 20. Ra5 Nc5 21. Qa3 Rxa5 22. Qxa5 Nd3 23. Qb6 Nf4 24. Qe3 Qg5 25. Qg3 Nxh3+ 26. Qxh3 Qxd2 27. Qe3 Qxe3 28. fxe3 Rc8 29. Nb5 Rxc4 30. Nxd6 Rxb4 31. Nxf5 Nxf5 32. Rxf5 e4 33. Kf2 g6 34. d6 Rb2+ 35. Ke1 Rd2 36. Kxd2 1-0


[Site "https://www.chess.com"]

[Event "Titled Tuesday Blitz November 16 2021"]
[White "Baskin, Robert"]
[Black "Pranav, V"]
[WhiteFideId "24662402"]
[BlackFideId "25060783"]
[WhiteElo "2488"]
[BlackElo "2351"]
[Result "0-1"]
[Round "02"]
[TimeControl "180+1"]
[Date "2021.11.16"]
[WhiteClock "0:00:01"]
[BlackClock "0:00:02"]

1. e4 e5 2. Nc3 Nf6 3. d4 exd4 4. Qxd4 Nc6 5. Qd3 Bb4 6. Bd2 O-O 7. O-O-O Re8 8. f3 d6 9. Nh3 Ne5 10. Qe2 c6 11. Nf4 Bd7 12. g4 Ng6 13. Nxg6 hxg6 14. h4 d5 15. h5 g5 16. h6 g6 17. h7+ Kh8 18. Bxg5 Re5 19. f4 Rxg5 20. fxg5 Bxg4 21. Qf2 Bxd1 22. gxf6 Bg4 23. e5 Qb6 24. Qf4 Be6 25. Ne2 Bc5 26. Kb1 Be3 27. Qg3 Re8 28. Bh3 Bxh3 29. Qxh3 d4 30. e6 Rxe6 31. Qg3 Qd8 32. Nf4 Rxf6 33. Nd3 Qe7 34. a3 Qe8 35. Qg4 Re6 0-1


[Site "https://www.chess.com"]

[Event "Titled Tuesday Blitz November 16 2021"]
[White "Bortnyk, Olexandr"]
[Black "Korchmar, Vasiliy"]
[WhiteFideId "14120828"]
[BlackFideId "24131750"]
[WhiteElo "2723"]
[BlackElo "2370"]
[Result "1-0"]
[Round "02"]
[TimeControl "180+1"]
[Date "2021.11.16"]
[WhiteClock "0:00:05"]
[BlackClock "0:00:02"]

1. d4 Nf6 2. Bf4 d5 3. e3 c5 4. Nf3 Nc6 5. Nbd2 cxd4 6. exd4 Qb6 7. c3 Qxb2 8. Nb3 Ne4 9. Nfd2 Nxc3 10. Qc1 Qxc1+ 11. Rxc1 Nxa2 12. Rb1 Nab4 13. Nc5 b6 14. Bb5 Nc2+ 15. Kd1 Nxd4 16. Ba4 bxc5 17. Nb3 Bd7 18. Nxc5 O-O-O 19. Na6 e5 20. Be3 Bd6 21. Kd2 f5 22. Rhc1 f4 23. Bxd4 exd4 24. Rb5 f3 25. g3 Rhe8 26. Rxd5 Re2+ 27. Kd3 1-0


[Site "https://www.chess.com"]

[Event "Titled Tuesday Blitz November 16 2021"]
[White "Czopor, Maciej"]
[Black "Kollars, Dmitrij"]
[WhiteFideId "21805431"]
[BlackFideId "12909572"]
[WhiteElo "1999"]
[BlackElo "2584"]
[Result "1-0"]
[Round "02"]
[TimeControl "180+1"]
[Date "2021.11.16"]
[WhiteClock "0:00:15"]
[BlackClock "0:00:08"]

1. e4 e6 2. d4 d5 3. Nd2 c5 4. Ngf3 cxd4 5. Nxd4 Nc6 6. Bb5 Bd7 7. Nxc6 bxc6 8. Bd3 Bd6 9. Qe2 e5 10. exd5 cxd5 11. c4 Ne7 12. cxd5 Nxd5 13. Be4 Be6 14. Bxd5 Bxd5 15. Qb5+ Ke7 16. Qxd5 Qc7 17. O-O Rhd8 18. Nc4 f6 19. Nxd6 Qxd6 20. Qxd6+ Rxd6 21. Be3 Ke6 22. Rfd1 Ra6 23. a3 Rb8 24. b4 g5 25. Bc5 h5 26. Rd3 g4 27. Rad1 Kf5 28. f3 Rb7 29. Kf2 Ra4 30. Rc3 Ra6 31. Rd8 Rc6 32. Rh8 Kg6 33. Rh6+ Kxh6 34. Be3+ Kg6 35. Rxc6 a5 36. bxa5 Rb2+ 37. Kf1 Rb3 38. Bc5 gxf3 39. gxf3 Rxf3+ 40. Kg2 Rf4 41. a6 Ra4 42. a7 Kf5 43. Rc8 Ke4 44. a8=Q+ Rxa8 45. Rxa8 1-0


[Site "https://www.chess.com"]